 Dungeon Crawl Stone Soup version 0.29.1-15-g9cfb28693d (webtiles) character file.

Game seed: 17356415696222284972

318 Labrat the Digger (level 7, 0/50 HPs)
             Began as a Meteoran Earth Elementalist on Sept 5, 2023.
             Slain by an orc priest
             ... wielding a +0 club
              (2 damage)
             ... on level 6 of the Dungeon.
             The game lasted 00:14:03 (1484 turns).

Labrat the Digger (Meteoran Earth Elementalist)     Turns: 1484, Time: 00:14:04

Health: 0/50       AC:  2    Str: 10    XL:     7   Next: 4%
Magic:  7/16       EV: 12    Int: 19    God:
Gold:   140        SH:  0    Dex: 14    Spells: 13/16 levels left

rFire   . . .      SeeInvis .   (no weapon)
rCold   . . .      Faith    .   (no shield)
rNeg    . . .      Spirit   .   a - +0 robe
rPois   .          Reflect  .   (no helmet)
rElec   .          Harm     .   (no cloak)
rCorr   .          Rampage  .   (no gloves)
Will    .....                   (no boots)
Stlth   +.........              (no amulet)
HPRegen 0.16/turn               (no ring)
MPRegen 0.15/turn               (no ring)

@: glowing
A: sense surroundings 1, otherworldly, glowing, explore regen
a: no special abilities


You were on level 6 of the Dungeon.
You visited 1 branch of the dungeon, and saw 6 of its levels.

You collected 140 gold pieces.

Inventory:

Armour
 a - a +0 robe (worn)
Jewellery
 p - a ring of resist corrosion
Scrolls
 c - a scroll of summoning {unknown}
 f - 5 scrolls of identify {unknown}
 g - a scroll of teleportation {unknown}
 i - 3 scrolls of fog {unknown}
 j - a scroll of poison {unknown}
 k - a scroll of enchant weapon {unknown}
 n - a scroll of blinking {unknown}
 o - a scroll of enchant armour {unknown}
 q - a scroll of fear {unknown}
Potions
 b - 2 potions of magic
 d - 2 potions of mutation {unknown}
 e - a potion of might {unknown}
 h - 2 potions of attraction {unknown}
 l - a potion of resistance {unknown}
 m - a potion of flight {unknown}


   Skills:
 - Level 2.4 Dodging
 - Level 1.4 Stealth
 + Level 5.3 Spellcasting
 - Level 4.0 Transmutations
 + Level 5.8 Earth Magic


You had 13 spell levels left.
You knew the following spells:

 Your Spells              Type           Power      Damage    Failure   Level
a - Sandblast             Erth           54%        2d13      1%          1
b - Passwall              Tmut/Erth      19%        N/A       2%          2

Your spell library contained the following spells:

 Spells                   Type           Power      Damage    Failure   Level
 Stone Arrow              Conj/Erth      32%        3d9       11%         3
 Petrify                  Tmut/Erth      23%        N/A       16%         4
 Blink                    Tloc           10%        N/A       19%         2
 Lesser Beckoning         Tloc           5%         N/A       34%         3
 Manifold Assault         Tloc           5%         N/A       97%         5


Dungeon Overview and Level Annotations

Branches:
Dungeon (6/15) Zot: 2061
 Temple: D:4-7

Altars:
Yredelemnul


Innate Abilities, Weirdness & Mutations

You passively map a small area around you.
You are easily found by Zot.
You glow in the dark.
You regain HP and MP as you explore.


Message History

The blast of sand hits the orc priest but does no damage.
The orc priest is moderately wounded.
The orc priest calls down the wrath of Beogh upon you.
Beogh smites you!
The orc priest invokes the aid of Beogh against you.
Beogh smites you!
* * * LOW HITPOINT WARNING * * *
You hear a shout!
Casting: Sandblast (safe; 1% risk of failure)
Confirm with . or Enter, or press ? or * to list all spells.
Aiming: Sandblast (safe; 1% risk of failure)
Press: ? - help, Shift-Dir - straight line, f/p - orc priest
Aim: an orc priest, wielding a +0 club and wearing a +0 chain mail (moderately wounded, 87% to hit)
The blast of sand hits the orc priest but does no damage.
The orc priest is moderately wounded.
You hear an angry hiss.
The orc priest hits you with a +0 club.
* * * LOW HITPOINT WARNING * * *
Casting: Sandblast (safe; 1% risk of failure)
Confirm with . or Enter, or press ? or * to list all spells.
Aiming: Sandblast (safe; 1% risk of failure)
Press: ? - help, Shift-Dir - straight line, f/p - orc priest
Aim: an orc priest, wielding a +0 club and wearing a +0 chain mail (moderately wounded, 87% to hit)
The blast of sand hits the orc priest but does no damage.
The orc priest is moderately wounded.
An orc priest comes into view. It is wielding a +0 dagger.
The orc priest hits you with a +0 club.
* * * LOW HITPOINT WARNING * * *
An orc comes into view. It is wielding a +0 whip.
The orc priest hits you but does no damage.
Casting: Sandblast (safe; 1% risk of failure)
Confirm with . or Enter, or press ? or * to list all spells.
Aiming: Sandblast (safe; 1% risk of failure)
Press: ? - help, Shift-Dir - straight line, f/p - orc priest
Aim: an orc priest, wielding a +0 club and wearing a +0 chain mail (moderately wounded, 87% to hit)
The blast of sand hits the orc priest but does no damage.
The orc priest is moderately wounded.
The orc priest shouts!
You hear an angry hiss.
The orc priest hits you with a +0 club.
You die...

,* *, , .. , #.#
###. * #.! , * *
,... #o. , ,
#####.#### #o#*
* *
.........####.#
............#O#
* *
..........#.#o#
, ,
,..........#.#@#
,,
..........#.#)#
..........#<#.#
>
..........###.#
, *
..............#
, ,,
.........######
, .........# , ,
.######.## , , ,
..#


You could see an ogre, 2 orc priests and an orc.

Vanquished Creatures
  A centaur (D:6)
  A hound (D:4)
  A jelly (D:5)
  Jessica (D:2)
  4 gnolls (D:3)
  4 adders
  An ufetubus (D:5)
  3 dart slugs
  2 orcs
  2 bats
  9 endoplasms
  3 giant cockroaches
  3 goblins
  2 hobgoblins
  5 jackals
  6 kobolds
  3 quokkas
  5 ball pythons
  5 frilled lizards
  7 rats
68 creatures vanquished.

Notes
Turn   | Place    | Note
-------+----------+-------------------------------------------
     0 | D:1      | Labrat the Meteoran Earth Elementalist began the quest for
                  | the Orb.
     0 | D:1      | Reached XP level 1. HP: 14/14 MP: 5/5
    96 | D:1      | Reached XP level 2. HP: 20/20 MP: 0/6
   192 | D:3      | Reached XP level 3. HP: 22/26 MP: 3/8
   268 | D:3      | Found a basalt altar of Yredelemnul.
   393 | D:2      | Noticed Jessica
   397 | D:2      | Killed Jessica
   398 | D:2      | Reached XP level 4. HP: 33/33 MP: 7/10
   614 | D:1      | Reached XP level 5. HP: 38/38 MP: 8/11
   735 | D:2      | Learned a level 2 spell: Passwall
   816 | D:3      | Found a faded altar of an unknown god.
   875 | D:4      | Reached skill level 5 in Earth Magic
  1041 | D:4      | Reached XP level 6. HP: 45/45 MP: 10/13
  1356 | D:5      | Entered Level 5 of the Dungeon
  1471 | D:6      | Noticed a centaur
  1475 | D:6      | Killed a centaur
  1476 | D:6      | Reached skill level 5 in Spellcasting
  1476 | D:6      | Reached XP level 7. HP: 24/50 MP: 11/16
  1483 | D:6      | HP: 1/50 [orc priest/+0 club (2)]
  1484 | D:6      | Slain by an orc priest

Illustrated notes

Levels and vault maps discovered:
D:1:      sevenhm_arrival_forest_fort_large_2, layout_rooms, minmay_door_square
D:2:      layout_loops_cross, chequers_serial_rivers_small_a, uniq_jessica
D:3:      layout_basic, lemuel_tele_altar,
          hellmonk_ecumenical_altar_inner_sanctum,
          chequers_serial_rivers_small_b, kennysheep_generic_room_16
D:4:      layout_basic, feat_on_display, uniq_blork_the_orc
D:5:      layout_basic
D:6:      layout_basic, nicolae_overflow_crystal_walls,
          minmay_temple_entry_glass, serial_shops, nicolae_shop_behind_doors,
          nicolae_take_the_stairs, shop, shop

Skill      XL: |  1  2  3  4  5  6 |
---------------+-------------------+-----
Spellcasting   | 3 4 5 |  5.3
Transmutations | 2 3 4 |  4.0
Earth Magic    | 4 5 |  5.8
Dodging        | |  2.4
Stealth        | |  1.4

Action                   |  1- 3 |  4- 6 |  7- 9 || total
-------------------------+-------+-------+-------++-------
Melee: Unarmed           |     5 |     1 |       ||     6
 Cast: Sandblast         |    32 |    71 |     6 ||   109
       Passwall          |       |     7 |       ||     7
Armor: Robe              |     5 |     2 |     1 ||     8
Dodge: Dodged            |    11 |    13 |       ||    24
